 Seeded DCSS version 0.30.1-11-g7821555f0a (webtiles) character file.

Game seed: 8617203140785432855 (custom seed)

5 Psyclone the Conjurer (level 1, -1/10 HPs)
             Began as a Deep Elf Conjurer on Nov 5, 2023.
             Slain by a frilled lizard (2 damage)
             ... on level 1 of the Dungeon.
             The game lasted 00:00:20 (1877 turns).

Psyclone the Conjurer (Deep Elf Conjurer)           Turns: 1877, Time: 00:00:20

Health: -1/10      AC:  3    Str:  4    XL:     1   Next: 66%
Magic:  6/6        EV: 12    Int: 22    God:
Gold:   0          SH:  0    Dex: 13    Spells: 5/6 levels left

rFire   . . .        (no weapon)
rCold   . . .        (no shield)
rNeg    . . .        a - +0 robe
rPois   .            (no helmet)
rElec   .            (no cloak)
rCorr   .            (no gloves)
SInv    .            d - +0 pair of boots
Will    .....        (no amulet)
Stlth   ++           (no ring)
HPRegen 0.21/turn    (no ring)
MPRegen 0.10/turn

%: no passive effects
@: no status effects
A: talons 1
a: no special abilities


You were on level 1 of the Dungeon.
You visited 1 branch of the dungeon, and saw 1 of its levels.

Inventory:

Armour
 a - a +0 robe (worn)
 d - a +0 pair of boots (worn)
Potions
 b - a potion of magic


   Skills:
 - Level 2.4 Dodging
 - Level 2.4 Stealth
 - Level 3.0 Spellcasting
 + Level 4.7 Conjurations


You had 5 spell levels left.
You knew the following spells:

 Your Spells              Type           Power      Damage    Failure   Level
a - Magic Dart            Conj           96%        1d7       1%          1

Your spell library contained the following spells:

 Spells                   Type           Power      Damage    Failure   Level
 Searing Ray              Conj           48%        2d6       2%          2
 Dazzling Flash           Conj/Hex       26%        N/A       14%         3
 Fulminant Prism          Conj/Hex       6%         3d7       43%         4
 Iskenderun's Mystic Bla  Conj/Tloc      13%        2d5       43%         4


Dungeon Overview and Level Annotations

Branches:
Dungeon (1/15) Zot: 4122

Altars:


Innate Abilities, Weirdness & Mutations

You have sharp toenails.


Message History

The ball python constricts you.
You escape the ball python's grasp.
The ball python attacks as you move away!
The ball python bites you. The ball python misses you.
The ball python attacks as you move away!
The ball python barely misses you.
The ball python bites you but does no damage.
The ball python grabs you. The ball python constricts you.
You escape the ball python's grasp.
A giant cockroach comes into view.
The frilled lizard closely misses you.
The frilled lizard attacks as you move away!
The frilled lizard bites you but does no damage.
A bat comes into view.
The ball python attacks as you move away!
The ball python bites you but does no damage.
The ball python closely misses you. The frilled lizard closely misses you.
The ball python closely misses you. The ball python grabs you.
The ball python constricts you.
The ball python's grasp on you weakens, but your attempt to escape fails.
The ball python bites you. The ball python constricts you.
The ball python bites you but does no damage.
The ball python constricts you.
The frilled lizard bites you but does no damage.
You escape the ball python's grasp.
The bat closely misses you. The bat attacks as you move away!
The bat barely misses you.
The frilled lizard attacks as you move away!
The frilled lizard bites you.
* * * LOW HITPOINT WARNING * * *
The bat hits you but does no damage. The bat hits you but does no damage.
Unknown command.
Casting: Magic Dart (safe; 1% risk of failure)
Confirm with . or Enter, or press ? or * to list all spells.
You don't know that spell.
You take 8 damage, and have 2/10 hp.
MASSIVE DAMAGE!!
The bat barely misses you. The ball python bites you.
* * * LOW HITPOINT WARNING * * *
The ball python closely misses you. The frilled lizard bites you.
You die...

##..........# #........#........#
.$.....########........#........#
.......# ....#...##............#
.....#####....#...##..........?.#
................................#
........)...........#...........#
........##..........#...........#
..##....##....##.b...............
..##..........##@S...............
.................l..............
.....[............##............
..................##.....B..###
............................#
........>..............#.....
........<..........##........
...................##..##........
....................!..##........


You could see a bat, a ball python and a frilled lizard.

Vanquished Creatures
  A dart slug (D:1)
  A bat (D:1)
  A hobgoblin (D:1)
3 creatures vanquished.

Notes
Turn   | Place    | Note
-------+----------+-------------------------------------------
     0 | D:1      | Psyclone the Deep Elf Conjurer began the quest for the Orb.
     0 | D:1      | Reached XP level 1. HP: 10/10 MP: 6/6
    79 | D:1      | Gained mutation: You have hidden genetic potential. [potion
                  | of mutation]
    79 | D:1      | Gained mutation: You have a pair of small horns on your
                  | head. [potion of mutation]
    79 | D:1      | Gained mutation: You have supernaturally acute eyesight.
                  | (SInv) [potion of mutation]
  1128 | D:1      | Lost mutation: You have hidden genetic potential. [potion
                  | of mutation]
  1128 | D:1      | Lost mutation: You have supernaturally acute eyesight.
                  | (SInv) [potion of mutation]
  1128 | D:1      | Gained mutation: You have sharp toenails. [potion of
                  | mutation]
  1128 | D:1      | Lost mutation: You have a pair of small horns on your head.
                  | [potion of mutation]
  1877 | D:1      | Slain by a frilled lizard

Illustrated notes

Levels and vault maps discovered:
D:1:      dpeg_arrival_stonehenge_12_columns, layout_basic, serial_shops, shop

Action                     || total
---------------------------++-------
  Melee: Unarmed           ||     2
   Cast: Magic Dart        ||     6
    Use: Potion            ||     2
 Armour: Robe              ||    16
  Dodge: Dodged            ||    31
